 Dungeon Crawl Stone Soup version 0.27.1-3-gb3d3a73c9e (webtiles) character file.

Game seed: 6752683851131268420

120 styxcanada the Sneak (level 4, -2/23 HPs)
             Began as a Spriggan Brigand on Oct 31, 2021.
             Slain by Grinder (5 damage)
             ... on level 3 of the Dungeon.
             The game lasted 00:10:05 (2981 turns).

styxcanada the Sneak (Spriggan Brigand)             Turns: 2981, Time: 00:10:06

Health: -2/23      AC:  3    Str: 13    XL:     4   Next: 75%
Magic:  5/5        EV: 17    Int: 12    God:
Gold:   121        SH:  0    Dex: 17    Spells: 3/3 levels left

rFire    . . .     SeeInvis +   a - +2 dagger
rCold    . . .     Faith    .   (shield restricted)
rNeg     . . .     Spirit   .   b - +0 robe
rPois    .         Reflect  .   (helmet restricted)
rElec    .         Harm     .   c - +0 cloak
rCorr    .         Rampage  .   (gloves unavailable)
Will     +....                  (boots unavailable)
Stlth    ++++......             e - amulet of regeneration
HPRegen  1.07/turn              p - ring of willpower
MPRegen  0.09/turn              s - +6 ring of strength

@: hasted, very quick
A: very small, no large weapons, unfitting armour, see invisible, speed 3
a: no special abilities


You were on level 3 of the Dungeon.
You visited 1 branch of the dungeon, and saw 3 of its levels.

You collected 121 gold pieces.

Inventory:

Hand Weapons
 a - a +2 dagger (weapon)
Missiles
 f - 93 stones (quivered)
 g - 7 poisoned darts
 i - 2 curare-tipped darts
 q - 7 boomerangs
Armour
 b - a +0 robe (worn)
 c - a +0 cloak (worn)
Jewellery
 e - an amulet of regeneration (around neck)
 p - a ring of willpower (left hand)
 s - a +6 ring of strength (right hand)
Scrolls
 d - a scroll of enchant armour {unknown}
 h - a scroll of noise {unknown}
 k - a scroll of amnesia {unknown}
 l - 2 scrolls of identify {unknown}
 r - a scroll of teleportation {unknown}
Potions
 m - a potion of might {unknown}
 n - a potion of ambrosia {unknown}
 o - a potion of degeneration {unknown}


   Skills:
 * Level 2.1 Fighting
 + Level 2.9 Short Blades
 + Level 2.3 Throwing
 * Level 2.8 Dodging
 * Level 7.6 Stealth


You had 3 spell levels left.
You didn't know any spells.
Your spell library was empty.

Dungeon Overview and Level Annotations

Branches:
Dungeon (3/15)

Altars:

Annotations:
D:3 Grinder


Innate Abilities, Weirdness & Mutations

You are very small and have problems with some larger weapons.
You are too small for most types of armour.
You have supernaturally acute eyesight. (SInv)
You cover ground extremely quickly. (Speed+++)


Message History

Grinder blinks!
You see here a ball python corpse.
You hit the frilled lizard.
You kill the frilled lizard!
You see here a ball python corpse.
Grinder hits you but does no damage.
You hit Grinder but do no damage.
Grinder is moderately wounded.
Grinder misses you.
You barely miss Grinder.
Grinder is moderately wounded.
You hit Grinder.
Grinder is heavily wounded.
Grinder closely misses you.
You hit Grinder.
Grinder is heavily wounded.
Grinder hits you.
You writhe in agony.
You hit Grinder but do no damage.
Grinder is heavily wounded.
Grinder misses you.
You hit Grinder.
Grinder is severely wounded.
Grinder barely misses you.
You closely miss Grinder.
Grinder is severely wounded.
Grinder gestures at you.
You suddenly lose the ability to move!
Grinder hits you!
You writhe in agony.
* * * LOW HITPOINT WARNING * * *
Grinder hits you.
* * * LOW HITPOINT WARNING * * *
Grinder says, "Are you a fish?" Grinder barely misses you.
Grinder gestures at you.
You easily resist.
You can move again.
It was a potion of haste.
You feel yourself speed up. Grinder hits you.
* * * LOW HITPOINT WARNING * * *
You writhe in agony.
You die...

###.#.#
#####.......###
.....#
#...)......##
....# #####.###.)#
....###.....###..#
..##.......###.#
#<#.........##..
#.#.........##..#
#†#5........###..
#.@.........# ...
###[..........
#............
#.........##.
#.>...^...#
..........#
.#.........#
.......


You could see Grinder.

Vanquished Creatures
  5 gnolls
  3 dart slugs
  An orc (D:3)
  4 endoplasms
  A giant cockroach (D:1)
  5 goblins
  6 hobgoblins
  4 jackals (D:2)
  2 quokkas
  2 ball pythons (D:3)
  7 bats
  8 frilled lizards
  8 kobolds
  9 rats
65 creatures vanquished.

Notes
Turn   | Place    | Note
-------+----------+-------------------------------------------
     0 | D:1      | styxcanada the Spriggan Brigand began the quest for the
                  | Orb.
     0 | D:1      | Reached XP level 1. HP: 10/10 MP: 2/2
     0 | D:1      | Noticed a red draconian
     0 | D:1      | Noticed a green draconian
     1 | D:1      | Noticed a large abomination
     6 | D:1      | Noticed a tentacled monstrosity
    11 | D:1      | Noticed a tentacled monstrosity
    15 | D:1      | Noticed a shadow dragon
    15 | D:1      | Noticed an orb of fire
    17 | D:1      | Noticed an orb of fire
    17 | D:1      | Noticed an ice dragon
    19 | D:1      | Noticed a green draconian
    19 | D:1      | Noticed a shadow dragon
    37 | D:1      | Reached skill level 6 in Stealth
   132 | D:1      | Reached XP level 2. HP: 10/14 MP: 3/3
   379 | D:1      | Reached XP level 3. HP: 8/18 MP: 4/4
   424 | D:1      | Reached skill level 7 in Stealth
   843 | D:1      | Found a faded altar of an unknown god.
  1287 | D:2      | Reached XP level 4. HP: 19/23 MP: 5/5
  2940 | D:3      | Noticed Grinder
  2976 | D:3      | Paralysed by Grinder for 4 turns
  2978 | D:3      | HP: 1/23 [Grinder (6)]
  2981 | D:3      | Slain by Grinder

Illustrated notes

Levels and vault maps discovered:
D:1:      shiori_arrival_whats_in_store_for_you, layout_basic,
          ebering_ecumenical_altar_petrified
D:2:      layout_basic, minivault_26
D:3:      layout_rooms, mainiacjoe_overflow_catwalk, minmay_vboxes, uniq_grinder

Skill      XL: |  1  2  3  4 |
---------------+-------------+-----
Stealth        | 6 7 |  7.6
Dodging        | 2 |  2.8
Fighting       | 2 |  2.1
Short Blades   | |  2.9
Throwing       | |  2.3

Action                   |  1- 3 |  4- 6 || total
-------------------------+-------+-------++-------
Melee: Dagger            |   106 |   122 ||   228
Throw: Dart              |    19 |     8 ||    27
       Stone             |     6 |     2 ||     8
  Use: Potion            |       |     1 ||     1
 Stab: Sleeping          |     3 |     7 ||    10
Armor: Robe              |    12 |    19 ||    31
Dodge: Dodged            |    85 |    97 ||   182
